 Dungeon Crawl Stone Soup version 0.30.1-4-g462c640d31 (webtiles) character file.

Game seed: 17094965556524087143

68 kanashiikitsune the Grave Robber (level 4, -5/30 HPs)
             Began as a Vampire Necromancer on Sept 16, 2023.
             Slain by a gnoll
             ... wielding a +0 flail
              (7 damage)
             ... on level 1 of the Dungeon.
             The game lasted 00:30:46 (649 turns).

kanashiikitsune the Grave Robber (VpNe)              Turns: 649, Time: 00:30:52

Health: -5/30      AC:  2    Str:  7    XL:     4   Next: 1%
Magic:  6/7        EV: 12    Int: 25    God:
Gold:   78         SH:  0    Dex: 10    Spells: 4/8 levels left

rFire   + . .        d - +0 rapier (protect)
rCold   + . .        (no shield)
rNeg    . . .        a - +0 robe
rPois   +            (no helmet)
rElec   +            (no cloak)
rCorr   +            (no gloves)
SInv    +            (no boots)
Will    .....        (no amulet)
Stlth   ++           (no ring)
HPRegen 0.45/turn    (no ring)
MPRegen 0.10/turn

%: no passive effects
@: resistant, healing quickly, unable to drink
A: alive, fangs 3, see invisible, vampiric 2, clever 2, clumsy 1, inability to
drink after injury 1
a: Exsanguinate


You were on level 1 of the Dungeon.
You visited 1 branch of the dungeon, and saw 2 of its levels.

You collected 78 gold pieces.

Inventory:

Hand Weapons
 c - a +0 falchion
 d - a +0 rapier of protection (weapon)
Missiles
 b - 22 stones
Armour
 a - a +0 robe (worn)
Potions
 e - a potion of lignification
 i - 2 potions of heal wounds {unknown}


   Skills:
 + Level 0.2 Fighting
 + Level 0.9 Long Blades
 + Level 2.7 Dodging
 + Level 3.6 Stealth
 + Level 2.6 Spellcasting
 + Level 5.0 Necromancy


You had 4 spell levels left.
You knew the following spells:

 Your Spells              Type           Power      Damage    Failure   Level
a - Necrotise             Necr           100%       1d9       1%          1
b - Vampiric Draining     Necr           28%        2d8       4%          3

Your spell library contained the following spells:

 Spells                   Type           Power      Damage    Failure   Level
 Animate Dead             Necr           28%        N/A       13%         4
 Ensorcelled Hibernation  Hex/Ice        6%         N/A       16%         2
 Passwall                 Tmut/Erth      2%         N/A       16%         2
 Swiftness                Air            3%         N/A       32%         3
 Agony                    Necr           28%        N/A       36%         5


Dungeon Overview and Level Annotations

Branches:
Dungeon (2/15)

Altars:


Innate Abilities, Weirdness & Mutations

Your natural rate of healing is accelerated.
You have razor-sharp teeth.
You have supernaturally acute eyesight. (SInv)
You are afflicted with vampirism and can become a bat while bloodless.
Your mind is very acute. (Int +8, Str/Dex -2)
You are clumsy. (Dex -2)
You occasionally lose the ability to drink potions when taking damage.


Message History

You kill the ball python!
The endoplasm freezes you.
You are frozen.
You hit the endoplasm. You bite the endoplasm.
You kill the endoplasm!
You have reached level 4!
This spell is dangerous to cast!
Memorise Vampiric Draining, consuming 3 spell levels and leaving 4?
You start memorising the spell.
You continue memorising. x3
You finish memorising.
Spell assigned to 'b'.
Throw: 24 stones
Press: ? - help, Shift-Dir - straight line You throw a stone.
You swap places.
Your kobold skeleton crumbles into dust!
You now have 78 gold pieces (gained 10).
A gnoll comes into view. It is wielding a +0 flail.
Found 7 gold pieces and 3 stones.
A bat comes into view.
The gnoll shouts!
Throw: 23 stones
Press: ? - help, Shift-Dir - straight line, f - gnoll
Aim: a gnoll, wielding a +0 flail (58% to hit)
You throw a stone. The stone hits the gnoll.
The gnoll is lightly wounded.
The bat closely misses you. The bat hits you.
The gnoll hits you with a +0 flail! The bat hits you.
The bat attacks as you move away! The bat completely misses you.
The bat hits you but does no damage. The bat barely misses you.
The gnoll hits you with a +0 flail!
You feel protected. The bat closely misses you.
The gnoll hits you with a +0 flail!
You feel threatened and lose the ability to drink potions!
* * * LOW HITPOINT WARNING * * *
Aiming: Necrotise (safe; 1% risk of failure)
Press: ? - help, Q - select action, (/) - cycle Shift-Dir - straight line, f/p - gnoll
Aim: a gnoll, wielding a +0 flail (lightly wounded, chance to affect: 88%)
The gnoll writhes in agony.
The bat closely misses you. The gnoll hits you with a +0 flail!
You die...

.#............#######
........#.).......# ##
........#.###.###.# #.
.......!..# #.# .# #.
.#...###### #.# .# ####.
#. ###.###.# .....
##.......####. ####.
#..PPP.P...$...####.
#.#..@.P..P...........
......Pbg..P..(.........
###.....P.P.....#.######
##..P....P....#
.....P.P.P..#.#
####..PP.....#.#
##..........#
#####....#.# .####..


You could see a gnoll and a bat.

Vanquished Creatures
  Natasha (D:2)
  2 adders (D:2)
  A dart slug (D:1)
  3 ball pythons
  4 endoplasms
  2 giant cockroaches
  4 jackals (D:2)
  2 kobolds
  2 bats
21 creatures vanquished.

Vanquished Creatures (collateral kills)
  A ball python (D:1)
1 creature vanquished.

Grand Total: 22 creatures vanquished

Notes
Turn   | Place    | Note
-------+----------+-------------------------------------------
     0 | D:1      | kanashiikitsune the Vampire Necromancer began the quest for
                  | the Orb.
     0 | D:1      | Reached XP level 1. HP: 13/13 MP: 3/3
   292 | D:2      | Reached XP level 2. HP: 19/19 MP: 5/5
   327 | D:2      | Noticed Natasha
   337 | D:2      | Killed Natasha
   338 | D:2      | Gained mutation: You are afflicted with vampirism and can
                  | become a bat while bloodless. [Vampire growth]
   338 | D:2      | Reached XP level 3. HP: 18/24 MP: 2/6
   467 | D:2      | Reached skill level 5 in Necromancy
   510 | D:2      | Gained mutation: Your mind is acute. (Int +4, Str/Dex -1)
                  | [potion of mutation]
   510 | D:2      | Gained mutation: You occasionally lose the ability to drink
                  | potions when taking damage. [potion of mutation]
   510 | D:2      | Gained mutation: You are clumsy. (Dex -2) [potion of
                  | mutation]
   510 | D:2      | Gained mutation: Your mind is very acute. (Int +8, Str/Dex
                  | -2) [potion of mutation]
   625 | D:1      | Reached XP level 4. HP: 18/30 MP: 7/7
   629 | D:1      | Learned a level 3 spell: Vampiric Draining
   648 | D:1      | HP: 1/30 [gnoll/+0 flail (9)]
   649 | D:1      | Slain by a gnoll

Illustrated notes

Levels and vault maps discovered:
D:1:      mrwooster_arrival_arrow, layout_loops_ring, nicolae_grassy_gnolls
D:2:      layout_basic, uniq_natasha

Skill      XL: |  1  2  3 |
---------------+----------+-----
Necromancy     | 5 |  5.0
Fighting       | |  0.2
Long Blades    | |  0.9
Dodging        | |  2.7
Stealth        | |  3.6
Spellcasting   | |  2.6

Action                     |  1- 3 |  4- 6 || total
---------------------------+-------+-------++-------
  Melee: Unarmed           |    23 |       ||    23
         Falchion          |    40 |       ||    40
         Bite              |     9 |       ||     9
         Punch             |     2 |       ||     2
         Rapier            |     3 |       ||     3
  Throw: Stone             |       |     2 ||     2
   Cast: Necrotise         |    15 |     1 ||    16
    Use: Scroll            |     6 |       ||     6
         Potion            |     3 |     1 ||     4
   Stab: Sleeping          |     3 |       ||     3
 Armour: Robe              |    12 |     1 ||    13
  Dodge: Dodged            |    54 |     5 ||    59
